 Dungeon Crawl Stone Soup version 0.30.1-4-g462c640d31 (webtiles) character file.

Game seed: 8156965063769813174

103 Almogavar the Chopper (level 4, -1/40 HPs)
             Began as a Hill Orc Fighter on Aug 24, 2023.
             Killed by nerve-wracking pain
             ... invoked by an orc priest
              (8 damage)
             ... on level 3 of the Dungeon.
             The game lasted 00:04:23 (2049 turns).

Almogavar the Chopper (Hill Orc Fighter)            Turns: 2049, Time: 00:04:24

Health: -1/40      AC:  9    Str: 20    XL:     4   Next: 79%
Magic:  4/4        EV:  7    Int:  8    God:
Gold:   115        SH:  4    Dex: 10    Spells: 3/3 levels left

rFire   . . .        a - +0 war axe
rCold   . . .        c - +0 buckler
rNeg    . . .        k - +0 chain mail
rPois   .            (no helmet)
rElec   .            (no cloak)
rCorr   .            (no gloves)
SInv    .            (no boots)
Will    .....        (no amulet) Stlth
                     (no ring)
HPRegen 0.26/turn    (no ring)
MPRegen 0.09/turn

%: no passive effects
@: no status effects
A: no striking features
a: Convert to Beogh


You were on level 3 of the Dungeon.
You visited 1 branch of the dungeon, and saw 3 of its levels.

You collected 115 gold pieces.

Inventory:

Hand Weapons
 a - a +0 war axe (weapon)
Armour
 c - a +0 buckler (worn)
 k - a +0 chain mail (worn)
Scrolls
 b - a scroll of poison {unknown}
 h - a scroll of teleportation {unknown}
 j - a scroll of fog {unknown}
 l - a scroll of noise {unknown}
 m - a scroll of blinking {unknown}
 n - a scroll of fear {unknown}
Potions
 d - a potion of might
 e - 2 potions of magic {unknown}
 f - 3 potions of curing {unknown}
 g - 2 potions of lignification
 i - 2 potions of mutation {unknown}


   Skills:
 + Level 4.1 Fighting
 + Level 4.6 Axes
 + Level 4.2 Armour
 - Level 0.1 Dodging
 - Level 0.1 Stealth
 + Level 3.6 Shields


You had 3 spell levels left.
You didn't know any spells.
Your spell library contained the following spells:

 Spells                   Type           Power      Damage    Failure   Level
 Ensorcelled Hibernation  Hex/Ice        0%         N/A       99%         2
 Passwall                 Tmut/Erth      0%         N/A       99%         2
 Swiftness                Air            0%         N/A       100%        3
 Tukima's Dance           Hex            0%         N/A       100%        3
 Vhi's Electric Charge    Tloc/Air       0%         N/A       100%        3
 Passage of Golubria      Tloc           0%         N/A       100%        4
 Arcjolt                  Conj/Air       0%         1d10      100%        5
 Yara's Violent Unravell  Hex/Tmut       0%         3d3       100%        5
 Plasma Beam              Fire/Air       0%         2x1d11    100%        6


Dungeon Overview and Level Annotations

Branches:
Dungeon (3/15)

Altars:


Message History

You start resting.
HP restored.
There is a stone staircase leading down, spattered with blood here.
You climb downwards.
The bat hits you. The orc hits you with a +0 dagger.
You block the bat's attack. The orc barely misses you.
There is a stone staircase leading up here.
You barely miss the orc priest. You hit the orc. You hit the bat.
You kill the bat!
The orc priest calls upon Beogh to heal the orc.
The orc's wounds heal themselves!
The orc hits you but does no damage.
You hit the orc priest but do no damage.
You closely miss the orc.
The orc priest mumbles some strange prayers to Beogh against you.
Pain shoots through your body! The orc hits you but does no damage.
You closely miss the orc priest. You barely miss the orc.
The orc priest hits you but does no damage.
The orc hits you with a +0 dagger. The orc hits you but does no damage.
The orc priest invokes the aid of Beogh against you.
Pain shoots through your body!
You closely miss the orc priest. You closely miss the orc.
The orc priest barely misses you. The orc hits you but does no damage.
You hit the orc priest.
The orc priest is lightly wounded.
You hit the orc.
The orc priest calls down the wrath of Beogh upon you.
Beogh smites you!
* * * LOW HITPOINT WARNING * * *
You block the orc's attack.
You hit the orc.
You kill the orc!
The orc priest shouts, "Join the one true god or die!"
You hit the orc priest but do no damage.
The orc priest looks encouraged for a moment.
The orc priest hits you with a +0 hand axe.
* * * LOW HITPOINT WARNING * * *
You hit the orc priest.
The orc priest is heavily wounded.
The orc priest invokes the aid of Beogh against you.
Pain shoots through your body!
You die...

............##
##o...........#
#..........!...
...............
#...........8..
#..........!..÷
#.....o†)...8÷.
#[....@......[
##............
##########..= .


You could see an orc priest and an orc.

Vanquished Creatures
  An orc wizard (D:2)
  3 adders (D:2)
  A dart slug (D:1)
  An orc (D:3)
  3 endoplasms
  4 goblins (D:1)
  6 hobgoblins
  4 jackals (D:2)
  3 kobolds
  3 quokkas
  7 ball pythons
  6 bats
  3 frilled lizards
  2 rats (D:1)
47 creatures vanquished.

Notes
Turn   | Place    | Note
-------+----------+-------------------------------------------
     0 | D:1      | Almogavar the Hill Orc Fighter began the quest for the Orb.
     0 | D:1      | Reached XP level 1. HP: 19/19 MP: 1/1
   231 | D:1      | Reached XP level 2. HP: 24/27 MP: 2/2
   415 | D:1      | Reached XP level 3. HP: 33/33 MP: 3/3
  1207 | D:2      | Reached XP level 4. HP: 40/40 MP: 4/4
  2049 | D:3      | Killed from afar by an orc priest

Illustrated notes

Levels and vault maps discovered:
D:1:      nzn_arrival_depleted_hourglass, layout_basic, minmay_statues_item
D:2:      layout_loops_corners, minmay_unequal
D:3:      layout_rooms, shapermc_ecumenical_altar_pompeii, minmay_vboxes

Skill      XL: |  1  2  3  4 |
---------------+-------------+-----
Axes           | 3 4 |  4.6
Armour         | 4 |  4.2
Fighting       | 4 |  4.1
Dodging        | |  0.1
Stealth        | |  0.1
Shields        | |  3.6

Action                     |  1- 3 |  4- 6 || total
---------------------------+-------+-------++-------
  Melee: War axe           |    97 |    52 ||   149
    Use: Scroll            |     3 |       ||     3
 Armour: Scale mail        |    44 |       ||    44
         Chain mail        |     4 |    40 ||    44
  Dodge: Dodged            |    64 |    21 ||    85
  Block: Buckler           |    25 |    12 ||    37
